 Dungeon Crawl Stone Soup version 0.30.1-11-g7821555f0a (webtiles) character file.

Game seed: 4486663356190295529

168 H0rd4k the Charlatan (level 5, -1/38 HPs)
             Began as a Human Artificer on Nov 29, 2023.
             Slain by Grinder (6 damage)
             ... on level 4 of the Dungeon.
             The game lasted 00:03:50 (3968 turns).

H0rd4k the Charlatan (Human Artificer)              Turns: 3968, Time: 00:03:51

Health: -1/38      AC:  3    Str: 12    XL:     5   Next: 78%
Magic:  5/5        EV: 12    Int: 13    God:
Gold:   165        SH:  0    Dex: 14    Spells: 4/4 levels left

rFire   x . .        r - +1 dagger "Earthworm" {speed, rElec rPois}
rCold   + . .        (no shield)
rNeg    . . .        b - +0 leather armour
rPois   +            (no helmet)
rElec   +            (no cloak)
rCorr   .            (no gloves)
SInv    .            (no boots)
Will    .....        (no amulet)
Stlth   +            j - ring of ice
HPRegen 0.26/turn    (no ring)
MPRegen 0.09/turn

%: no passive effects
@: no status effects
A: no striking features
a: no special abilities


You were on level 4 of the Dungeon.
You visited 1 branch of the dungeon, and saw 4 of its levels.

You collected 165 gold pieces.

Inventory:

Hand Weapons
 r - the +1 dagger "Earthworm" (weapon) {speed, rElec rPois}
   (You found it on level 2 of the Dungeon)

   rElec:     It insulates you from electricity.
   rPois:     It protects you from poison.
 B - a +2 dagger of speed
Missiles
 s - 3 atropa-tipped darts
Armour
 b - a +0 leather armour (worn)
 g - a +0 pair of gloves
Jewellery
 a - a ring of ice
 j - a ring of ice (left hand)
 y - an amulet of the acrobat
Wands
 d - a wand of charming (11)
 e - a wand of iceblast (2)
 t - a wand of quicksilver (8)
Scrolls
 f - a scroll of blinking {unknown}
 k - 2 scrolls of silence {unknown}
 m - 2 scrolls of vulnerability {unknown}
 o - 4 scrolls of identify {unknown}
 p - a scroll of teleportation {unknown}
 q - 3 scrolls of fear {unknown}
 u - a scroll of magic mapping {unknown}
 v - a scroll of amnesia {unknown}
 x - a scroll of fog {unknown}
 C - a scroll of enchant weapon {unknown}
Potions
 h - a potion of haste {unknown}
 i - 3 potions of curing {unknown}
 l - a potion of heal wounds {unknown}
 n - a potion of resistance {unknown}
 w - a potion of attraction {unknown}
 z - a potion of invisibility {unknown}
 A - a potion of lignification {unknown}


   Skills:
 + Level 2.3 Fighting
 + Level 1.0 Short Blades
 + Level 3.0 Maces & Flails
 - Level 2.0 Armour
 + Level 2.8 Dodging
 - Level 1.0 Stealth
 - Level 3.2 Evocations


You had 4 spell levels left.
You didn't know any spells.
Your spell library contained the following spells:

 Spells                   Type           Power      Damage    Failure   Level
 Call Canine Familiar     Summ           0%         N/A       75%         3
 Hailstorm                Conj/Ice       0%         3d3       75%         3
 Portal Projectile        Hex/Tloc       0%         N/A       75%         3
 Ice Form                 Ice/Tmut       0%         N/A       98%         4
 Leda's Liquefaction      Hex/Erth       0%         N/A       98%         4
 Simulacrum               Ice/Necr       0%         N/A       100%        6


Dungeon Overview and Level Annotations

Branches:
Dungeon (4/15)
 Temple: D:4-7

Altars:

Shops:
D:2 (   D:4 :!(

Annotations:
D:3 1 transporter, exclusion: downstairs, kalagan's ghost, amateur DECj
D:4 Grinder; Pikel


Message History

You can move again.
Aiming: Throw Flame
Press: ? - help, Shift-Dir - straight line, f/p - Grinder
Aim: Grinder (severely wounded, 68% to hit)
The puff of flame hits Grinder!
Grinder is almost dead.
Grinder gestures at you. You resist with significant effort.
Aiming: Throw Flame
Press: ? - help, Shift-Dir - straight line, f/p - Grinder
Aim: Grinder (almost dead, 68% to hit)
The puff of flame misses Grinder.
The goblin barely misses you. Grinder gestures at you.
Pain shoots through your body!
Unknown command.
Aiming: Throw Flame
Press: ? - help, Shift-Dir - straight line, f/p - Grinder
Aim: Grinder (almost dead, 68% to hit)
The puff of flame hits Grinder but does no damage.
Grinder is almost dead.
The goblin closely misses you. Grinder hits you.
You writhe in agony.
Unknown command.
Aiming: Throw Flame
Press: ? - help, Shift-Dir - straight line, f/p - Grinder
Aim: Grinder (almost dead, 68% to hit)
The puff of flame hits Grinder.
Grinder is almost dead.
The goblin hits you but does no damage. Grinder hits you.
* * * LOW HITPOINT WARNING * * *
You writhe in agony.
* * * LOW HITPOINT WARNING * * *
Unknown command.
Aiming: Throw Flame
Press: ? - help, Shift-Dir - straight line, f/p - Grinder
Aim: Grinder (almost dead, 68% to hit)
The puff of flame misses Grinder.
The now-empty wand crumbles to dust.
The goblin hits you but does no damage. Grinder hits you.
* * * LOW HITPOINT WARNING * * *
You writhe in agony.
You die...

#####.######.########
#.# #.# #.# #.#
########.
#####<######.###........
.................#######
############.###.# #.#
#.# #.# #.######## #.#
#@g....... #.#
#5######## #............
#####.####### ###


You could see Grinder and a goblin.

Vanquished Creatures
  Jessica (D:3)
  An iguana (D:4)
  2 adders
  A worm (D:3)
  A dart slug (D:1)
  7 orcs (D:4)
  8 ball pythons
  4 bats
  4 endoplasms
  4 giant cockroaches
  16 goblins
  5 hobgoblins
  8 jackals
  3 quokkas
  2 frilled lizards
  4 kobolds
  4 rats
75 creatures vanquished.

Vanquished Creatures (collateral kills)
  An orc (D:4)
  A goblin (D:4)
2 creatures vanquished.

Vanquished Creatures (others)
  A lemure (D:4)
1 creature vanquished.

Grand Total: 78 creatures vanquished

Notes
Turn   | Place    | Note
-------+----------+-------------------------------------------
     0 | D:1      | H0rd4k the Human Artificer began the quest for the Orb.
     0 | D:1      | Reached XP level 1. HP: 15/15 MP: 1/1
   133 | D:1      | Reached XP level 2. HP: 17/21 MP: 2/2
   544 | D:1      | Reached XP level 3. HP: 26/26 MP: 3/3
   573 | D:1      | Reached skill level 1 in Maces & Flails
  1602 | D:2      | Found Ekoreuxt's Antique Weapon Shoppe.
  1766 | D:2      | Identified the +1 dagger "Earthworm" {speed, rElec rPois}
  1782 | D:2      | Reached XP level 4. HP: 30/33 MP: 4/4
  2357 | D:3      | Found a faded altar of an unknown god.
  2393 | D:3      | Noticed Jessica
  2405 | D:3      | Killed Jessica
  2515 | D:3      | Reached XP level 5. HP: 36/38 MP: 5/5
  2869 | D:3      | Found a transporter.
  2871 | D:3      | Noticed an ogre
  2871 | D:3      | Noticed kalagan's ghost (amateur DECj)
  2888 | D:3      | Identified the +0 sling of the Charming Coward {flame, Fly
                  | rN+ Will+}
  3261 | D:4      | Found Picsuenu's Distillery.
  3515 | D:4      | Found Zemuruut's Weapon Boutique.
  3744 | D:4      | Noticed a lemure
  3744 | D:4      | Noticed a lemure
  3749 | D:4      | Noticed Pikel
  3753 | D:4      | Noticed a lemure
  3757 | D:4      | Noticed a lemure
  3762 | D:4      | Reached skill level 1 in Short Blades
  3877 | D:4      | Found Vikh's Book Shoppe.
  3950 | D:4      | Noticed Grinder
  3959 | D:4      | Paralysed by Grinder for 5 turns
  3968 | D:4      | Slain by Grinder

Illustrated notes

Levels and vault maps discovered:
D:1:      dpeg_arrival_water_fire, layout_basic, minivault_19
D:2:      layout_loops_cross, serial_shops, nicolae_shop_dealshenge,
          corexii_shack
D:3:      layout_basic, shapermc_ecumenical_altar_starsandcircs,
          gammafunk_ghost_smash, minmay_statues_item, serial_bayou_lake_a,
          uniq_jessica
D:4:      layout_basic, serial_shops, nicolae_shop_bloodbath_and_beyond,
          shop_fountains, nicolae_shop_pleasant_corner_grove, shop, uniq_pikel,
          uniq_grinder

Skill      XL: |  1  2  3  4  5 |
---------------+----------------+-----
Maces & Flails | 1 2 3 |  3.0
Dodging        | 2 |  2.8
Fighting       | 2 |  2.3
Short Blades   | 1 |  1.0
Armour         | |  2.0
Stealth        | |  1.0
Evocations     | |  3.2

Action                     |  1- 3 |  4- 6 || total
---------------------------+-------+-------++-------
  Melee: Club              |   145 |    27 ||   172
         Punch             |     1 |     1 ||     2
         Dagger            |       |   162 ||   162
  Evoke: Wand              |     4 |    20 ||    24
   Stab: Sleeping          |     3 |     3 ||     6
 Armour: Leather armour    |    46 |    31 ||    77
  Dodge: Dodged            |   108 |    97 ||   205
